 Dungeon Crawl Stone Soup version 0.27-a0-1180-g7fc4abc71e (webtiles) character file.

Game seed: 6683226104828825730

177 DasRunzen the Ducker (level 5, -2/44 HPs)
             Began as a Demigod Gladiator on May 17, 2021.
             Slain by Edmund
             ... wielding a +0 flail of holy wrath
              (10 damage)
             ... on level 4 of the Dungeon.
             The game lasted 00:04:17 (3851 turns).

DasRunzen the Ducker (Demigod Gladiator)            Turns: 3851, Time: 00:04:18

Health: -2/44      AC:  6    Str: 13 (15) XL:     5   Next: 9%
Magic:  0/7        EV: 12    Int: 12 (14) God:
Gold:   138        SH:  0    Dex: 12 (15) Spells: 4/4 levels left

rFire    . . .     SeeInvis .   a - +1 long sword
rCold    . . .     Faith    .   (no shield)
rNeg     . . .     Spirit   +   b - +0 leather armour
rPois    .         Reflect  .   c - +0 helmet
rElec    .         Harm     .   (no cloak)
rCorr    .         Rampage  .   m - +1 pair of gloves
Will     .....                  (no boots)
Stlth    +.........             f - amulet of guardian spirit
HPRegen  0.14/turn              (no ring)
MPRegen  0.10/turn              (no ring)

@: no status effects
A: high mp 1, forlorn
a: no special abilities


You were on level 4 of the Dungeon.
You visited 1 branch of the dungeon, and saw 4 of its levels.

You collected 138 gold pieces.

Inventory:

Hand Weapons
 a - a +1 long sword (weapon)
Missiles
 d - 3 throwing nets (quivered)
 k - 8 curare-tipped darts
Armour
 b - a +0 leather armour (worn)
 c - a +0 helmet (worn)
 m - a +1 pair of gloves (worn)
Jewellery
 f - an amulet of guardian spirit (around neck)
Scrolls
 e - a scroll of teleportation
 g - a scroll of amnesia


   Skills:
 + Level 2.9 Fighting
 + Level 3.5 Long Blades
 - Level 1.7 Throwing
 + Level 2.1 Armour
 + Level 3.6 Dodging


You had 4 spell levels left.
You didn't know any spells.
Your spell library was empty.

Dungeon Overview and Level Annotations

Branches:
Dungeon (4/15)
 Temple: D:4-7

Annotations:
D:3 2 transporters, Menkaure
D:4 Edmund


Innate Abilities, Weirdness & Mutations

Your attributes grow dramatically as you level up.
You have an increased reservoir of magic. (+10% MP)
You shall have no god before yourself.


Message History

You closely miss Edmund.
Edmund is severely wounded.
Edmund barely misses you.
You slash Edmund!
Edmund is severely wounded.
Edmund hits you with a +0 flail of holy wrath.
Edmund barely misses you.
You riposte.
You closely miss Edmund.
Edmund is severely wounded.
You hit Edmund but do no damage.
Edmund is severely wounded.
Edmund barely misses you.
You hit Edmund.
Edmund is severely wounded.
Edmund hits you with a +0 flail of holy wrath.
You hit Edmund but do no damage.
Edmund is severely wounded.
Edmund closely misses you.
You riposte.
You hit Edmund.
Edmund is almost dead.
You aren't carrying any items that you can evoke.
You closely miss Edmund.
Edmund is almost dead.
Edmund hits you with a +0 flail of holy wrath.
Edmund closely misses you.
You riposte.
You barely miss Edmund.
Edmund is severely wounded.
You closely miss Edmund.
Edmund is severely wounded.
Edmund barely misses you.
You riposte.
You hit Edmund but do no damage.
Edmund is severely wounded.
You closely miss Edmund.
Edmund is severely wounded.
Edmund hits you with a +0 flail of holy wrath.
You hit Edmund but do no damage.
Edmund is severely wounded.
Edmund hits you with a +0 flail of holy wrath!
* * * LOW HITPOINT WARNING * * *
You feel less attractive to monsters.
You closely miss Edmund.
Edmund is severely wounded.
Edmund hits you with a +0 flail of holy wrath!
You die...

.........## #..
#............ ....
#.......... ?.
#####.... ..........#
. .........
..........# #. #......
..........# #.##....
..........# #.....#
........@@######...###
#........#........o..#
##......##.###...##..#
####.#....###o###
....# #...#####..#
..... #...##
#.######o.##.
#....####.#........
##.<.##.o...# #o.
###........###


You could see Edmund.

Vanquished Creatures
  A bullfrog skeleton (D:4)
  3 gnolls
  2 adders
  4 worms (D:2)
  2 dart slugs
  2 orcs (D:3)
  6 ball pythons
  11 bats
  7 endoplasms
  5 giant cockroaches
  6 goblins
  8 hobgoblins
  4 jackals
  5 quokkas
  2 frilled lizards (D:1)
  8 kobolds
  2 rats
78 creatures vanquished.

Vanquished Creatures (others)
  2 plants (D:2)
2 creatures vanquished.

Grand Total: 80 creatures vanquished

Notes
Turn   | Place    | Note
-------+----------+-------------------------------------------
     0 | D:1      | DasRunzen the Demigod Gladiator began the quest for the
                  | Orb.
     0 | D:1      | Reached XP level 1. HP: 17/17 MP: 3/3
   115 | D:1      | Reached XP level 2. HP: 18/24 MP: 1/4
   669 | D:1      | Reached skill level 1 in Armour
   879 | D:2      | Reached XP level 3. HP: 15/29 MP: 2/5
  1669 | D:2      | Reached XP level 4. HP: 35/37 MP: 6/6
  2932 | D:3      | Noticed Menkaure
  2933 | D:3      | Noticed a phantom
  3311 | D:3      | Found a transporter.
  3325 | D:3      | Found a transporter.
  3606 | D:4      | Reached XP level 5. HP: 35/44 MP: 5/7
  3693 | D:4      | Noticed Edmund
  3851 | D:4      | Slain by Edmund

Illustrated notes

Levels and vault maps discovered:
D:1:      wander_arrival_estate, layout_basic, grunt_decor_arrowhead,
          minmay_pentomino_r4
D:2:      minmay_diamond_boxcup, layout_rooms, serial_bayou,
          serial_bayou_lagoon_b, serial_bayou_pond_e, serial_bayou_shore_a,
          serial_bayou_pond_b, palyth_stone_intersect
D:3:      layout_loops_corners, gammafunk_temple_of_torment,
          general_overflow_altar
D:4:      layout_rooms, nicolae_vehumet_altar_sigil, minmay_temple_entry_waves,
          uniq_menkaure, uniq_edmund, uniq_pikel

Skill      XL: |  1  2  3  4 |
---------------+-------------+-----
Fighting       | 2 |  2.9
Dodging        | 3 |  3.6
Armour         | 1 2 |  2.1
Long Blades    | 3 |  3.5
Throwing       | |  1.7

Action                   |  1- 3 |  4- 6 || total
-------------------------+-------+-------++-------
Melee: Long sword        |   119 |   154 ||   273
  Use: Scroll            |     2 |     3 ||     5
       Potion            |       |     4 ||     4
 Stab: Sleeping          |     1 |     2 ||     3
Armor: Leather armour    |    34 |    51 ||    85
Dodge: Dodged            |    90 |   111 ||   201
       Rpst.: Long sword |    31 |    39 ||    70

Table legend: (Time is in decaauts)
 A = Elapsed time spent in this place.
 B = Non-inter-level travel time spent in this place.
 C = Inter-level travel time spent in this place.
 D = Time resting spent in this place.
 E = Time spent auto-exploring this place.
 F = Levels seen in this place.
 G = Mean time per level.
                   A        B        C        D        E       F      G
               +--------+--------+--------+--------+--------+-----+--------+
         Total |   3947 |   3851 |     96 |    459 |   2748 |   4 |  986.8 |
       Dungeon |   3947 |   3851 |     96 |    459 |   2748 |   4 |  986.8 |
               +--------+--------+--------+--------+--------+-----+--------+

Top non-repeatable levels by time:
     D:2: 1357 daAuts
     D:1: 1248 daAuts
     D:3: 1187 daAuts
     D:4: 153 daAuts
